 Dungeon Crawl Stone Soup version 0.17.0-28-g6e173f8 (webtiles) character file.

227 graki42 the Firebug (level 5, 0/28 HPs)
             Began as a Deep Elf Fire Elementalist on Dec 4, 2015.
             Succumbed to an adder's poison
             ... on level 4 of the Dungeon.
             The game lasted 00:16:22 (2848 turns).

graki42 the Firebug (Deep Elf Fire Elementalist)    Turns: 2848, Time: 00:16:23

Health: 0/28       AC:  2    Str:  5      XL:     5   Next: 70%
Magic:  8/13       EV: 14    Int: 25 (26) God:
Gold:   277        SH:  0    Dex: 15      Spells: 3 memorised, 6 levels left

rFire  . . .     SeeInvis .     m - +1 dagger (venom)
rCold  . . .     Clarity  .     a - +0 robe
rNeg   . . .     SustAt   .     (no shield)
rPois  .         Gourm    .     (no helmet)
rElec  .         Spirit   .     (no cloak)
rCorr  .         Warding  .     (no gloves)
rMut   .         Stasis   .     (no boots)
MR     .....                    h - amulet of rage
Stlth  ++........               (no ring)
                                (no ring)

@: brilliant, lethally poisoned (0 -> -7), exhausted, very slightly
contaminated, hasted and slowed, not resistant to hostile enchantments,
unstealthy
A: no striking features
a: Evoke Berserk Rage


You were on level 4 of the Dungeon.
You were very hungry.

You visited 1 branch of the dungeon, and saw 4 of its levels.

You collected 277 gold pieces.

Inventory:

Hand Weapons
 m - a +1 dagger of venom (weapon)
Missiles
 e - 5 poisoned needles
Armour
 a - a +0 robe (worn)
Jewellery
 h - an amulet of rage (around neck)
Scrolls
 d - a scroll of random uselessness {unknown}
 f - 2 scrolls of blinking {unknown}
 j - 5 scrolls of identify {unknown}
 k - 3 scrolls of teleportation {unknown}
 l - a scroll of enchant weapon {unknown}
 n - a scroll of remove curse {unknown}
 q - a scroll of noise {unknown}
 t - a scroll of amnesia {unknown}
 u - 2 scrolls of immolation {unknown}
 v - a scroll of magic mapping {unknown}
Potions
 i - 3 potions of agility
Books
 b - a book of Flames

   Spells                             Type                      Level
   a - Flame Tongue                   Conjuration/Fire             1
   b - Throw Flame                    Conjuration/Fire             2
   c - Conjure Flame                  Conjuration/Fire             3
   d - Inner Flame                    Hexes/Fire                   3
   e - Sticky Flame                   Conjuration/Fire             4
   f - Fireball                       Conjuration/Fire             5
Comestibles
 c - 2 bread rations
 g - a slice of pizza
 o - a chunk of flesh
 p - a meat ration


   Skills:
 + Level 0.1 Fighting
 + Level 3.7 Dodging
 + Level 3.0 Stealth
 + Level 4.5 Spellcasting
 + Level 2.7 Conjurations
 + Level 4.9 Fire Magic


You had 6 spell levels left.
You knew the following spells:

 Your Spells              Type           Power        Failure   Level  Hunger
a - Flame Tongue          Conj/Fire      #####        1%          1    None
b - Conjure Flame         Conj/Fire      #####...     1%          3    ##.....
c - Inner Flame           Hex/Fire       ####....     1%          3    ##.....


Dungeon Overview and Level Annotations

Branches:
Dungeon (4/15)
 Temple: D:4-7

Altars:
Xom


Message History

A red film seems to cover your vision as you go berserk!
You feel yourself moving faster!
You feel mighty!
* * * LOW HITPOINT WARNING * * *
You feel sick.
You feel a strong urge to attack something.
* * * LOW HITPOINT WARNING * * *
You feel sick.
You see here an adder corpse.
You feel your anger subside.
* * * LOW HITPOINT WARNING * * *
You feel sick.
You are no longer berserk.
You are exhausted.
You feel yourself slow down.
You are feeling very hungry.
* * * LOW HITPOINT WARNING * * *
You feel sick.
Drink which item? (? for menu, Esc to quit)
Okay, then.
You die...

#.........#
#....#
#.........#
#....#
#......†..#
#....# #
#.........#
#....##### #
#.........#
#........####
#.........#
#####........
#.........######
#......<.
#..............#
####.....
########...@...#
#..... #.......#
#..... #.......#
#..<.. #.......#
#.(... #.......#
#..... #.......#
#..... #.......#
##.....
#.......#
#...... #.....#


There were no monsters in sight!

Vanquished Creatures
  An ogre (D:4)
  An orc priest (D:3)
  A worker ant (D:4)
  2 adders
  3 worms
  4 giant geckos
  5 orcs (D:3)
  3 giant cockroaches
  9 goblins
  8 hobgoblins
  7 jackals
  4 kobolds
  A quokka (D:3)
  4 bats
  2 giant newts
  A quokka skeleton (D:4)
  7 rats
63 creatures vanquished.

Notes
Turn   | Place    | Note
--------------------------------------------------------------
     0 | D:1      | graki42 the Deep Elf Fire Elementalist began the quest for the Orb.
     0 | D:1      | Reached XP level 1. HP: 10/10 MP: 6/6
   243 | D:1      | Reached XP level 2. HP: 15/15 MP: 6/8
   594 | D:2      | Found a shimmering altar of Xom.
   595 | D:2      | Found a shimmering altar of Xom.
   596 | D:2      | Found a shimmering altar of Xom.
   596 | D:2      | Found a shimmering altar of Xom.
   597 | D:2      | Found a shimmering altar of Xom.
   792 | D:2      | Reached XP level 3. HP: 19/19 MP: 8/10
  1233 | D:3      | Reached skill level 4 in Fire Magic
  1297 | D:3      | Learned a level 3 spell: Conjure Flame
  1301 | D:3      | Learned a level 3 spell: Inner Flame
  1736 | D:3      | Reached XP level 4. HP: 12/24 MP: 5/11
  2119 | D:4      | Noticed an ogre
  2128 | D:4      | Killed an ogre
  2128 | D:4      | Reached XP level 5. HP: 28/28 MP: 2/13
  2844 | D:4      | HP: 2/42 [poisoned by an adder]
  2848 | D:4      | Succumbed to an adder's poison

Action                   |  1- 3 |  4- 6 || total
-------------------------+-------+-------++-------
Melee: Unarmed           |     1 |       ||     1
       Dagger            |     8 |     2 ||    10
 Cast: Flame Tongue      |    75 |    36 ||   111
       Conjure Flame     |     3 |     5 ||     8
       Inner Flame       |       |     1 ||     1
 Abil: Evoke Berserk Rag |       |     1 ||     1
  Use: Potion            |     3 |     2 ||     5
  Eat: Chunk             |     3 |     3 ||     6
